 Dungeon Crawl Stone Soup version 0.22.1-1-ga44c0e56f4 (webtiles) character file.

1918 KleinerIrrer the Martial Artist (level 9, 0/56 HPs)
             Began as an Octopode Fighter on Oct 28, 2018.
             Was a Follower of Okawaru.
             Slain by a two-headed ogre
             ... wielding a +0 giant club
              (16 damage)
             ... on level 8 of the Dungeon.
             The game lasted 00:13:22 (8331 turns).

KleinerIrrer the Martial Artist (Octopode Fighter)  Turns: 8331, Time: 00:13:23

Health: 0/56       AC:  1    Str: 15    XL:     9   Next: 16%
Magic:  10/12      EV: 18    Int: 10    God:    Okawaru [*.....]
Gold:   409        SH: 11    Dex: 15    Spells: 8/8 levels left

rFire    . . .     SeeInvis .     - Unarmed
rCold    . . .     Gourm    .   a - +0 shield
rNeg     . . .     Faith    .   (helmet restricted)
rPois    .         Spirit   .   (no amulet)
rElec    .         Reflect  .   (no ring)
rCorr    .         Harm     .   (no ring)
MR       .....                  (no ring)
Stlth    ++++......             (no ring)
HPRegen  0.18/turn              (no ring)
MPRegen  0.13/turn              (no ring)
                                (no ring)
                                (no ring)

@: heroism
A: almost no armour, stealthy swim, amphibious, 8 rings, constrict 8, camouflage
1, gelatinous body 1
a: Heroism, Renounce Religion


You were on level 8 of the Dungeon.
You worshipped Okawaru.
Okawaru was aware of your devotion.
You were not hungry.

You visited 2 branches of the dungeon, and saw 9 of its levels.
You also visited: Sewer.

You collected 409 gold pieces.

Inventory:

Missiles
 e - 17 poisoned needles
 h - 5 curare-tipped needles
Armour
 a - a +0 shield (worn)
Wands
 w - a wand of flame (44)
Scrolls
 f - 7 scrolls of remove curse
 g - a scroll of magic mapping
 k - 3 scrolls of fear
 m - 8 scrolls of teleportation
 s - a scroll of enchant weapon {unknown}
 u - a scroll of fog {unknown}
 v - a scroll of enchant armour {unknown}
 x - a scroll of immolation {unknown}
Potions
 b - a potion of might
 d - a potion of agility
 j - 4 potions of brilliance
 l - 2 potions of lignification {unknown}
 n - 2 potions of ambrosia
 o - 4 potions of heal wounds
 p - a potion of magic {unknown}
 q - 4 potions of flight
 r - 5 potions of curing
 t - a potion of haste {unknown}
Comestibles
 c - 12 rations
 i - 2 chunks of flesh


   Skills:
 - Level 3.0(8.0) Fighting
 + Level 4.1(9.1) Dodging
 + Level 4.1(9.1) Shields
 - Level 10.0(15.0) Unarmed Combat
 * Level 5.0 Invocations


You had 8 spell levels left.
You didn't know any spells.
Your spell library was empty.

Dungeon Overview and Level Annotations

Branches:
Dungeon (8/15)             Temple (1/1) D:4
   Lair: D:8-11

Altars:
Ashenzari
Dithmenos
Elyvilon
Fedhas
Gozag
Hepliaklqana
Makhleb
Nemelex Xobeh
Okawaru
Qazlal
Ru
Sif Muna
Trog
Uskayaw
Vehumet
Wu Jian
Xom
Yredelemnul
Zin
The Shining One


Innate Abilities, Weirdness & Mutations

You cannot wear most types of armour.
You are very stealthy in the water. (Stealth+)
You are amphibious.
You can wear up to eight rings at the same time.
You can use your tentacles to constrict eight enemies at once.
Your skin changes colour to match your surroundings (Stealth+).
Your rubbery body absorbs attacks. (AC +1, EV +1)


Message History

Things that are here:
a flail; an orc skeleton
Things that are here:
a flail; an orc skeleton Eating one of 3 chunks of flesh.
You eat one of the 3 chunks of flesh.
This raw flesh tastes terrible.
You now have 409 gold pieces (gained 19).
The two-headed ogre is too close now for your liking.
You gain the combat prowess of a mighty hero.
Okay, then.
You see here an arrow.
The two-headed ogre shouts in stereo!
You block the two-headed ogre's attack.
The two-headed ogre hits you with a giant spiked club!!
You tentacle-slap the two-headed ogre. You squeeze the two-headed ogre.
The two-headed ogre is lightly wounded.
The two-headed ogre hits you with a giant club!!
* * * LOW HITPOINT WARNING * * *
The two-headed ogre hits you with a giant spiked club!
You die...

#..........
.#.###.#.###..##
.......#.##..?#
#.##<..#...#
..##.#.)......#
..............#####
###.##.............
#.###..(#.###.##
#.....O@(.....#
#.##.....(......?
#####.........
.####..... .# #####
.# .# .#


You could see a two-headed ogre.

Vanquished Creatures
  Grinder (D:3)
  A hippogriff (D:7)
  An orc warrior (D:7)
  An ice beast (D:5)
  2 sky beasts
  A phantom (D:5)
  2 centaurs
  Blork the orc (D:6)
  A scorpion (D:5)
  3 wights (D:7)
  A bullfrog skeleton (D:6)
  3 orc wizards
  An orc priest (D:3)
  6 worker ants
  A hound zombie (D:5)
  A hound skeleton (D:8)
  A worker ant zombie (D:5)
  5 gnolls
  10 adders
  5 river rats (Sewer)
  A shadow imp (D:7)
  2 oozes
  11 dart slugs
  3 leopard geckos
  22 orcs
  4 bats
  5 giant cockroaches
  6 goblins
  5 hobgoblins
  4 jackals (D:4)
  6 kobolds
  4 quokkas
  4 ball pythons (Sewer)
  13 frilled lizards
  A jackal skeleton (D:7)
  2 leopard gecko skeletons
  A quokka skeleton (D:8)
  7 rats
149 creatures vanquished.

Notes
Turn   | Place    | Note
-------+----------+-------------------------------------------
     0 | D:1      | KleinerIrrer the Octopode Fighter began the quest for the
                  | Orb.
     0 | D:1      | Reached XP level 1. HP: 16/16 MP: 1/1
   250 | D:1      | Reached XP level 2. HP: 20/21 MP: 2/2
   357 | D:1      | Reached skill level 3 in Unarmed Combat
   970 | D:2      | Reached XP level 3. HP: 13/26 MP: 3/3
  1321 | D:2      | Reached skill level 4 in Unarmed Combat
  1438 | D:2      | Reached XP level 4. HP: 28/31 MP: 4/4
  1854 | D:3      | Noticed Grinder
  1861 | D:3      | Killed Grinder
  1861 | D:3      | Reached skill level 6 in Unarmed Combat
  1861 | D:3      | Reached XP level 5. HP: 36/36 MP: 5/5
  1861 | D:3      | Reached XP level 6. HP: 42/42 MP: 6/6
  2203 | D:3      | Found a shadowy altar of Dithmenos.
  2398 | D:3      | Found a glowing golden altar of the Shining One.
  2861 | D:4      | Found a stormy altar of Qazlal.
  2875 | D:4      | Reached skill level 7 in Unarmed Combat
  3058 | D:4      | Reached XP level 7. HP: 43/46 MP: 7/7
  3215 | D:4      | Found a staircase to the Ecumenical Temple.
  3249 | Temple   | Entered the Ecumenical Temple
  3975 | D:5      | Entered Level 5 of the Dungeon
  4019 | D:5      | Found a sacrificial altar of Ru.
  4022 | D:5      | Found a basalt altar of Yredelemnul.
  4027 | D:5      | Found a glowing silver altar of Zin.
  4059 | D:5      | Found a glowing drain.
  4090 | Sewer    | Entered a sewer
  4652 | D:5      | Reached skill level 8 in Unarmed Combat
  4949 | D:5      | Found an iron altar of Okawaru.
  4954 | D:5      | Became a worshipper of Warmaster Okawaru
  5817 | D:5      | Reached skill level 9 in Unarmed Combat
  5817 | D:5      | Reached XP level 8. HP: 26/52 MP: 8/8
  6121 | D:6      | Found a white marble altar of Elyvilon.
  6608 | D:6      | Reached * piety under Okawaru
  6659 | D:6      | Noticed Blork the orc
  6665 | D:6      | Killed Blork the orc
  6665 | D:6      | Reached skill level 1 in Invocations
  6791 | D:6      | Reached skill level 10 in Unarmed Combat
  7136 | D:7      | Noticed a hippogriff
  7147 | D:7      | Killed a hippogriff
  7685 | D:7      | Reached XP level 9. HP: 49/56 MP: 12/12
  8163 | D:8      | Reached skill level 5 in Invocations
  8246 | D:8      | Noticed a two-headed ogre
  8331 | D:8      | Slain by a two-headed ogre

Skill      XL: |  1  2  3  4  5  6  7  8  9 |
---------------+----------------------------+-----
Unarmed Combat | 3 4 6 7 9 10 | 10.0
Invocations    | 4 5 |  5.0
Dodging        | 4 |  4.1
Shields        | 4 |  4.1
Fighting       | |  3.0

Action                   |  1- 3 |  4- 6 |  7- 9 || total
-------------------------+-------+-------+-------++-------
Melee: Unarmed           |    59 |    65 |   233 ||   357
       Constrict         |    14 |    26 |    45 ||    85
       Tentacles         |     7 |    21 |    38 ||    66
       Punch             |     2 |     2 |     8 ||    12
Invok: Heroism           |       |       |     2 ||     2
  Use: Scroll            |     2 |     4 |     6 ||    12
       Potion            |       |       |     1 ||     1
 Stab: Sleeping          |     6 |     6 |    12 ||    24
       Distracted        |       |       |     1 ||     1
  Eat: Chunk             |     2 |     5 |    13 ||    20
       Ration            |       |       |     1 ||     1
Armor: Skin              |     3 |     3 |     8 ||    14
Dodge: Dodged            |    14 |    17 |    64 ||    95
Block: Shield            |    16 |    20 |    60 ||    96
